Map: Abyssal Reef LE

Players

Semper - Winner!

  • Race: Terran Terran
  • Spawn Location: 5:00

GAMETIME

  • Race: Zerg Zerg
  • Spawn Location: 11:00

Event: WCS Montreal 2017

VOD

Have the link to the VOD?

Description

Time

  • Played on: Sept. 8, 2017, 4:04 p.m.
  • Length: 12:06

All games in this series

Show
View Real Time Build Order
Export as new Build Order

Semper Terran - Winner!

Build Orders: Liberator Opening, Reaper Expand, Bio Tank 

Get SALT Encoding   

  12  0:00  SCV  
  13  0:13  SCV  
  14  0:17  Supply Depot  
  14  0:25  SCV  
  15  0:38  SCV  
  15  0:39  Barracks  
  16  0:44  Refinery  
  16  0:50  SCV  
  17  1:02  SCV  
  18  1:18  SCV  
  19  1:27  Reaper  
  19  1:30  Orbital Command  
  20  1:41  Command Center  
  20  1:53  Supply Depot  
  20  1:56  SCV  
  20  1:59  Marine  
  22  2:07  Factory  
  22  2:12  SCV  
  23  2:18  Refinery  
  23  2:21  Barracks Reactor  
  23  2:26  SCV  
  24  2:38  SCV  
  25  2:50  SCV  
  26  2:54  Orbital Command, Starport  
  26  2:58  Marine x2  
  28  3:00  Hellion  
  28  3:03  SCV  
  31  3:15  SCV  
  31  3:16  Marine x2  
  35  3:20  SCV  
  35  3:22  Widow Mine  
  35  3:25  Supply Depot  
  37  3:29  SCV  
  37  3:32  Medivac, SCV  
  41  3:36  Marine x2  
  43  3:41  SCV  
  44  3:48  Supply Depot  
  44  3:50  SCV  
  45  3:56  SCV  
  45  3:59  Liberator  
  46  4:03  SCV  
  46  4:06  Hellion x2  
  51  4:12  Supply Depot  
  51  4:13  SCV  
  55  4:17  SCV  
  55  4:18  Barracks Tech Lab  
  56  4:25  SCV  
  56  4:26  Supply Depot  
  56  4:27  Hellion  
  56  4:28  Hellion  
  56  4:29  SCV  
  62  4:37  SCV  
  62  4:39  Supply Depot  
  62  4:41  SCV  
  63  4:49  SCV  
  64  4:54  SCV  
  64  4:58  Command Center  
  65  5:01  SCV  
  65  5:04  Supply Depot  
  66  5:07  Raven  
  66  5:08  Factory Reactor  
  66  5:10  Barracks x2, SCV  
  67  5:16  Barracks Tech Lab  
  67  5:18  SCV  
  67  5:20  Refinery  
  68  5:21  Refinery  
  68  5:22  Engineering Bay  
  68  5:23  Engineering Bay  
  68  5:24  SCV  
  69  5:31  SCV  
  69  5:35  Marine  
  69  5:45  SCV  
  69  5:46  Stimpack  
  69  5:47  SCV  
  67  5:50  Barracks  
  67  5:51  Barracks  
  67  5:53  Marine  
  67  5:55  Terran Infantry Weapons Level 1  
  67  5:56  Terran Infantry Armor Level 1  
  65  5:57  SCV  
  65  5:59  Starport Reactor  
  65  6:00  SCV  
  64  6:09  Marine x2  
  64  6:11  SCV  
  67  6:15  Siege Tank, Marine x2  
  67  6:16  Orbital Command  
  67  6:18  SCV  
  73  6:23  Marine, SCV  
  75  6:26  Marine  
  75  6:30  Marine  
  75  6:32  Marine, SCV  
  78  6:34  Armory, Marine  
  78  6:37  Orbital Command, SCV  
  78  6:41  Marine  
  78  6:44  Marine  
  78  6:45  Barracks Reactor x2  
  80  6:47  SCV  
  80  6:48  Marine  
  80  6:50  SCV  
  83  6:57  Marine  
  83  6:58  Siege Tank  
  83  6:59  Medivac, SCV  
  90  7:02  SCV  
  90  7:06  SCV  
  90  7:07  Refinery  
  92  7:11  SCV, Refinery  
  92  7:13  Supply Depot, Marine x3  
  92  7:14  Supply Depot x2  
  92  7:15  SCV  
  97  7:20  SCV  
  98  7:24  SCV  
  98  7:28  Marine x6  
  98  7:29  SCV  
  105  7:31  Marine  
  105  7:34  Siege Tank  
  109  7:38  Factory  
  109  7:44  Marine  
  109  7:45  Marine x2, SCV  
  109  7:47  Combat Shields, SCV  
  109  7:48  SCV  
  109  7:50  Supply Depot  
  113  7:52  Supply Depot  
  113  7:53  Marine x2  
  113  7:56  Marine x2  
  117  7:58  Marine  
  117  8:01  Marine  
  117  8:02  Marine  
  120  8:06  Siege Tank  
  120  8:07  Marine  
  120  8:09  Medivac x2, Terran Infantry Weapons Level 2  
  128  8:13  Marine, Terran Infantry Armor Level 2  
  128  8:17  Supply Depot  
  128  8:18  Supply Depot  
  129  8:24  Marine x7  
  129  8:27  Marine  
  136  8:31  Marine  
  138  8:38  Factory Tech Lab, Siege Tank  
  138  8:42  Marine x3  
  138  8:44  Supply Depot  
  138  8:45  Medivac  
  138  8:46  Command Center  
  136  8:48  Marine x2  
  136  8:49  Marine x3  
  136  8:54  Terran Vehicle Weapons Level 1  
  136  8:55  Marine  
  142  8:57  Medivac  
  142  9:02  Marine x3  
  145  9:07  Marine x2  
  145  9:09  Siege Tank  
  152  9:10  Supply Depot  
  152  9:11  Supply Depot  
  152  9:14  Marine x2  
  152  9:16  Supply Depot  
  152  9:17  Medivac  
  154  9:29  Marine  
  154  9:30  Siege Tank  
  154  9:31  Marine  
  159  9:39  Supply Depot  
  159  9:40  Marine x6  
  159  9:41  Siege Tank, Marine  
  159  9:45  Sensor Tower  
  169  9:46  Marine  
  169  9:49  Marine  
  168  9:58  Marine x3, Engineering Bay  
  168  9:59  Engineering Bay  
  169  10:02  Siege Tank  
  144  10:07  Marine x2  
  144  10:08  Marine  
  144  10:12  SCV x3  
  144  10:14  Siege Tank  
  149  10:18  Command Center  
  149  10:19  Marine x6  
  155  10:24  SCV x3  
  155  10:25  Supply Depot  
  155  10:27  Marine x2  
  160  10:34  Siege Tank  
  163  10:40  Marine  
  163  10:41  Marine x3, Marauder  
  169  10:42  Marine  
  169  10:43  Marine  
  169  10:45  SCV x2  
  169  11:07  Siege Tank  
  169  11:10  Marine x3  
  169  11:11  Marauder  
  176  11:13  Siege Tank  
  176  11:15  Marine  
  180  11:29  Marine x2  
  176  11:33  Marine x2  
  176  11:34  Marine  
  176  11:38  Marine  
  176  11:39  Marine  
  187  11:49  Supply Depot  
  187  11:50  Supply Depot  
Show
View Real Time Build Order
Export as new Build Order

GAMETIME Zerg 

Build Orders: Hatch First 

Get SALT Encoding   

  12  0:00  Drone  
  13  0:08  Drone  
  14  0:16  Overlord  
  14  0:23  Extractor, Drone  
  15  0:34  Drone  
  15  0:35  Drone  
  17  0:52  Hatchery  
  17  0:54  Drone  
  17  0:57  Drone  
  18  1:09  Extractor  
  17  1:13  Spawning Pool  
  17  1:16  Drone  
  17  1:19  Drone  
  18  1:27  Drone  
  19  1:38  Overlord  
  19  2:00  Queen  
  19  2:01  Zergling x4  
  23  2:03  Queen  
  23  2:04  Zergling x2  
  26  2:10  Metabolic Boost  
  26  2:12  Drone  
  26  2:14  Drone  
  28  2:31  Hatchery  
  28  2:35  Drone  
  28  2:37  Drone  
  28  2:42  Drone x2  
  30  2:49  Queen  
  32  2:54  Overlord  
  32  2:57  Drone  
  33  3:01  Drone  
  33  3:02  Drone  
  35  3:12  Overlord, Drone x2  
  37  3:13  Drone  
  37  3:15  Drone  
  39  3:21  Queen  
  39  3:24  Drone  
  42  3:31  Queen  
  44  3:35  Overlord  
  44  3:36  Drone x2  
  44  3:40  Drone  
  47  3:43  Drone  
  47  3:44  Drone x2  
  50  3:50  Queen  
  50  3:54  Overlord  
  50  3:55  Drone  
  53  3:58  Drone  
  53  3:59  Drone  
  55  4:04  Overlord  
  55  4:07  Zergling x4  
  57  4:15  Queen  
  57  4:16  Overlord  
  59  4:19  Spore Crawler  
  59  4:21  Spore Crawler  
  59  4:23  Evolution Chamber  
  59  4:24  Zergling x4  
  57  4:27  Zergling x4  
  57  4:30  Zergling x4  
  62  4:36  Zergling x2  
  62  4:37  Zergling x2  
  62  4:38  Drone x3  
  66  4:40  Drone  
  66  4:41  Drone  
  66  4:45  Drone  
  69  4:51  Overlord, Drone  
  69  5:00  Overlord  
  69  5:01  Drone x4  
  69  5:04  Zerg Ground Armor Level 1  
  73  5:14  Drone  
  73  5:15  Drone x5  
  73  5:16  Overlord  
  73  5:18  Overlord  
  79  5:24  Queen  
  81  5:30  Queen  
  81  5:35  Queen  
  77  5:38  Zergling x4  
  77  5:39  Zergling x10  
  84  5:44  Drone  
  84  5:45  Drone x3  
  78  5:52  Drone  
  78  5:53  Drone x2  
  78  5:59  Drone x2  
  78  6:00  Drone x4  
  78  6:02  Extractor  
  78  6:03  Drone x3  
  85  6:04  Extractor  
  83  6:13  Drone x2  
  83  6:14  Drone  
  83  6:17  Drone  
  87  6:23  Drone  
  87  6:24  Drone x3  
  91  6:30  Evolution Chamber, Lair  
  91  6:32  Extractor x2  
  89  6:33  Extractor  
  89  6:37  Drone  
  89  6:38  Overlord x2  
  86  6:42  Drone x3  
  86  6:44  Drone x2  
  86  6:45  Drone  
  86  6:46  Hatchery  
  90  6:49  Zergling x4, Hatchery  
  90  6:51  Zergling x8  
  95  6:56  Zerg Melee Weapons Level 1  
  95  6:59  Zergling x8  
  95  7:00  Baneling Nest, Zergling x2  
  99  7:07  Zergling x6  
  102  7:08  Overlord  
  102  7:13  Zergling x6  
  101  7:20  Zergling x6  
  101  7:22  Overlord x2  
  102  7:29  Drone  
  102  7:30  Hydralisk Den, Drone x2  
  102  7:31  Zerg Ground Armor Level 2  
  101  7:38  Overlord x2  
  101  7:39  Zergling x2  
  101  7:40  Zergling x8  
  101  7:42  Centrifical Hooks  
  106  7:44  Baneling x4  
  106  7:45  Baneling x3  
  106  7:46  Zergling x2  
  107  7:52  Zergling x6  
  107  7:53  Zergling x4  
  107  7:56  Zergling x6  
  107  7:58  Zergling x2  
  116  8:01  Hydralisk  
  116  8:02  Muscular Augments  
  116  8:04  Drone, Hydralisk  
  121  8:11  Drone x2, Hydralisk  
  121  8:12  Hydralisk  
  124  8:15  Hydralisk  
  124  8:17  Hydralisk  
  124  8:19  Hydralisk  
  128  8:27  Hydralisk x3  
  128  8:30  Hydralisk  
  133  8:35  Hydralisk  
  133  8:38  Hydralisk x2  
  133  8:39  Hydralisk  
  133  8:40  Zergling x2  
  133  8:41  Overlord  
  141  8:43  Baneling  
  141  8:46  Hydralisk x2  
  145  8:50  Hydralisk x2  
  145  8:53  Zerg Melee Weapons Level 2  
  149  8:56  Baneling x5  
  149  8:57  Baneling  
  149  8:59  Baneling  
  149  9:00  Baneling x5  
  149  9:02  Zergling x4  
  151  9:06  Zergling x8  
  155  9:11  Hydralisk x2  
  155  9:14  Hydralisk x2  
  162  9:18  Hydralisk  
  162  9:19  Overlord  
  162  9:24  Hydralisk x2  
  162  9:28  Hydralisk x2  
  162  9:30  Zergling x2  
  162  9:31  Zergling x2  
  154  9:32  Baneling x3  
  154  9:33  Baneling x2  
  154  9:36  Hydralisk  
  154  9:38  Hydralisk  
  158  9:41  Hydralisk  
  157  9:50  Hydralisk x3  
  153  10:05  Hydralisk x4  
  153  10:06  Hydralisk  
  143  10:09  Zergling x2  
  143  10:10  Zergling x14  
  143  10:12  Drone  
  143  10:13  Drone x2  
  136  10:14  Drone  
  137  10:24  Drone x3  
  137  10:25  Drone x2  
  137  10:26  Hydralisk  
  137  10:27  Hydralisk  
  143  10:31  Baneling x5  
  143  10:32  Baneling x2  
  142  10:37  Zergling x4  
  142  10:38  Infestation Pit  
  142  10:39  Zergling x4  
  142  10:41  Zergling x2  
  142  10:42  Zergling x2  
  147  10:43  Drone  
  147  10:44  Zergling x2  
  147  10:46  Zergling x4  
  147  10:49  Baneling  
  151  10:50  Baneling x6  
  151  10:52  Zergling x2  
  151  10:53  Zergling x2  
  153  11:00  Zergling x2  
  153  11:01  Zergling x12  
  153  11:03  Zergling x4  
  160  11:09  Zergling x2  
  160  11:10  Zergling x12  
  164  11:12  Baneling  
  164  11:13  Zergling x4  
  161  11:22  Zergling x2  
  161  11:23  Zergling x6  
  154  11:33  Zergling x16  
  154  11:35  Baneling  
  154  11:36  Baneling x14  
  154  11:39  Zergling x4  
  161  11:41  Zergling x6  
  161  11:45  Zergling x4  
  157  11:47  Zergling x2  
Tags
 
Add a new tag
Caveats
  • Supply blocks, unpowered buildings, or Contaminate may cause inaccurate times.
  • Supply counts are checked every 10 seconds.